 Dungeon Crawl Stone Soup version 0.28-a0-751-gef3a642a4e (webtiles) character file.

Game seed: 1006595899618942139

52 KoroneIsBestGirl the Skirmisher (level 3, -1/40 HPs)
             Began as an Ogre Fighter on Oct 31, 2021.
             Slain by an adder (2 damage)
             ... on level 2 of the Dungeon.
             The game lasted 00:01:07 (1393 turns).

KoroneIsBestGirl the Skirmisher (Ogre Fighter)      Turns: 1393, Time: 00:01:07

Health: -1/40      AC:  3    Str: 21    XL:     3   Next: 85%
Magic:  3/3        EV:  8    Int:  9    God:
Gold:   20         SH:  7    Dex:  8    Spells: 2/2 levels left

rFire   . . .      SeeInvis .   a - +0 trident
rCold   . . .      Faith    .   c - +0 kite shield
rNeg    . . .      Spirit   .   b - +0 robe
rPois   .          Reflect  .   (helmet restricted)
rElec   .          Harm     .   (no cloak)
rCorr   .          Rampage  .   (gloves unavailable)
Will    .....                   (boots unavailable)
Stlth   +.........              (no amulet)
HPRegen 0.13/turn               (no ring)
MPRegen 0.08/turn               (no ring)

@: no status effects
A: large, unfitting armour, tough skin 1
a: no special abilities


You were on level 2 of the Dungeon.
You visited 1 branch of the dungeon, and saw 2 of its levels.

You collected 20 gold pieces.

Inventory:

Hand Weapons
 a - a +0 trident (weapon)
Armour
 b - a +0 robe (worn)
 c - a +0 kite shield (worn)
Jewellery
 f - a +4 ring of protection
Wands
 h - a wand of iceblast (6)
Scrolls
 e - 2 scrolls of identify {unknown}
Potions
 d - a potion of might
 g - a potion of invisibility {unknown}


   Skills:
 + Level 4.7 Fighting
 + Level 2.6 Polearms
 + Level 3.1 Dodging
 + Level 3.1 Shields


You had 2 spell levels left.
You didn't know any spells.
Your spell library contained the following spells:

 Spells                   Type           Power      Damage    Failure   Level
 Ensorcelled Hibernation  Hex/Ice        0%         N/A       91%         2
 Tukima's Dance           Hex            0%         N/A       99%         3


Dungeon Overview and Level Annotations

Branches:
Dungeon (2/15)

Altars:


Innate Abilities, Weirdness & Mutations

You are too large for most types of armour.
You have tough skin. (AC +1)


Message History

The adder barely misses you. The gnoll barely misses you.
There are monsters nearby!
There are monsters nearby!
There are monsters nearby!
You barely miss the adder.
The adder is almost dead.
You feel sick. The adder barely misses you.
The gnoll hits you from afar with a +0 halberd!
The adder barely misses you.
You hit the adder.
The adder is almost dead.
You feel sick.
You are no longer poisoned.
You block the adder's attack. The gnoll closely misses you.
The adder completely misses you.
There are monsters nearby!
There are monsters nearby!
You completely miss the adder.
The adder is almost dead.
The gnoll hits you from afar with a +0 halberd!
The adder closely misses you.
The gnoll hits you from afar with a +0 halberd.
There are monsters nearby!
There are monsters nearby!
You are too injured to fight recklessly!
There are monsters nearby!
You are too injured to fight recklessly!
You are too injured to fight recklessly!
There are monsters nearby!
You block the adder's attack.
You miss the adder.
The adder is almost dead.
The adder bites you but does no damage.
The gnoll hits you from afar with a +0 halberd!
* * * LOW HITPOINT WARNING * * *
You block the adder's attack.
You closely miss the adder.
The adder is almost dead.
You block the gnoll's attack. The adder bites you.
You die...

##.###.##
#........
#.## ##.#
#.#####..
##.###..#
### ##.#.#.#
##.##.#
####.# #.#
##.
#.#####.....
#.@Sg.......
###########.


You could see a gnoll and an adder.

Vanquished Creatures
  An adder (D:2)
  A dart slug (D:1)
  An orc (D:2)
  3 endoplasms
  3 giant cockroaches (D:1)
  4 goblins
  3 hobgoblins (D:2)
  3 jackals (D:1)
  4 kobolds
  3 quokkas
  A ball python (D:2)
  4 bats
  3 rats (D:1)
34 creatures vanquished.

Notes
Turn   | Place    | Note
-------+----------+-------------------------------------------
     0 | D:1      | KoroneIsBestGirl the Ogre Fighter began the quest for the
                  | Orb.
     0 | D:1      | Reached XP level 1. HP: 24/24 MP: 1/1
   125 | D:1      | Reached XP level 2. HP: 18/32 MP: 2/2
   861 | D:1      | Reached XP level 3. HP: 39/40 MP: 3/3
  1392 | D:2      | HP: 1/40 [gnoll (12)]
  1393 | D:2      | Slain by an adder

Illustrated notes

Levels and vault maps discovered:
D:1:      scummos_arrival_star, layout_basic
D:2:      layout_loops_ring, dilly_ecumenical_altar_fadedgnrine

Skill      XL: |  1  2  3 |
---------------+----------+-----
Dodging        | 3 |  3.1
Shields        | 3 |  3.1
Fighting       | |  4.7
Polearms       | |  2.6

Action                   || total
-------------------------++-------
Melee: Trident           ||   115
Armor: Robe              ||    34
Dodge: Dodged            ||    57
Block: Kite shield       ||    61

Table legend: (Time is in decaauts)
 A = Elapsed time spent in this place.
 B = Non-inter-level travel time spent in this place.
 C = Inter-level travel time spent in this place.
 D = Time resting spent in this place.
 E = Time spent auto-exploring this place.
 F = Levels seen in this place.
 G = Mean time per level.
                   A        B        C        D        E       F      G
               +--------+--------+--------+--------+--------+-----+--------+
         Total |   1436 |   1417 |     19 |      0 |   1156 |   2 |  718.0 |
       Dungeon |   1436 |   1417 |     19 |      0 |   1156 |   2 |  718.0 |
               +--------+--------+--------+--------+--------+-----+--------+

Top non-repeatable levels by time:
     D:1: 1060 daAuts
     D:2: 376 daAuts
